 Dungeon Crawl Stone Soup version 0.31.0-32-g396128a36d (webtiles) character file.

Game seed: 16914728437496539932

16314 unlimited1921 the Thaumaturge (level 12, -2/76 HPs)
             Began as a Djinni Fire Elementalist on Apr 8, 2024.
             Was a Priest of Makhleb.
             Shot with an arrow by Nessos (21 damage)
             ... on level 2 of the Orcish Mines.
             The game lasted 01:09:38 (20997 turns).

unlimited1921 the Thaumaturge (DjFE)               Turns: 20997, Time: 01:09:39

Health: -2/76      AC:  6    Str:  7    XL:     12   Next: 68%
Gold:   765        EV: 19    Int: 30    God:    Makhleb [***...] SH:  0 Dex: 26

rFire   + + .        F - +3 dagger of Debt {flame, rPois Int+8}
rCold   x . .        T - orb {mayhem}
rNeg    . . .        Y - +0 troll leather armour
rPois   ∞            J - +0 helmet
rElec   .            (no cloak)
rCorr   .            b - +0 pair of gloves
SInv    .            (boots unavailable)
Will    +....        c - amulet of the acrobat
Stlth   +++          k - +6 ring of dexterity
HPRegen 1.12/turn    m - +6 ring of dexterity
MPRegen 0.00/turn

%: mayhem, acrobat, infuse magic (-3 HP)
@: flying
A: sickness immunity, fire resistance 2, cold vulnerability 1, float, innate
caster, HP casting, extra vitality 1
a: Renounce Religion, Minor Destruction, Lesser Servant of Makhleb


You were on level 2 of the Orcish Mines.
You worshipped Makhleb.
Makhleb was most pleased with you.
You visited 2 branches of the dungeon, and saw 12 of its levels.

You collected 765 gold pieces.

Inventory:

Hand Weapons
 a - a +5 halberd
 h - a +2 whip of electrocution
 n - a +3 trident of venom
 y - a +0 arbalest
 C - a +3 flail of protection
 F - the +3 dagger of Debt (weapon) {flame, rPois Int+8}
   (You found it on level 7 of the Dungeon)

   Int+8:     It affects your intelligence (+8).
   rPois:     It protects you from poison
 N - a +3 falchion of freezing
 S - a +2 trident of draining
Missiles
 s - 9 atropa-tipped darts
 w - 13 boomerangs
 z - 5 javelins
 E - 18 poisoned darts
 K - a curare-tipped dart
Armour
 b - a +0 pair of gloves (worn)
 t - a +0 scale mail
 J - a +0 helmet (worn)
 M - a +2 robe of positive energy
 T - an orb of mayhem (worn)
 Y - a +0 troll leather armour (worn)
Jewellery
 c - an amulet of the acrobat (around neck)
 k - a +6 ring of dexterity (left hand)
 m - a +6 ring of dexterity (right hand)
 L - a ring of wizardry
 U - a ring of resist corrosion
Wands
 o - a wand of iceblast (6)
 q - a wand of mindburst (6) (quivered)
 R - a wand of quicksilver (3)
Scrolls
 f - 3 scrolls of vulnerability
 i - 2 scrolls of immolation {unknown}
 r - 3 scrolls of enchant weapon
 v - 2 scrolls of blinking {unknown}
 B - a scroll of acquirement {unknown}
 D - 2 scrolls of noise {unknown}
 H - a scroll of amnesia {unknown}
 I - a scroll of enchant armour {unknown}
 O - 2 scrolls of revelation {unknown}
 P - a scroll of brand weapon {unknown}
 V - a scroll of summoning {unknown}
 X - 2 scrolls of teleportation {unknown}
 Z - a scroll of fear {unknown}
Potions
 d - 2 potions of brilliance {unknown}
 e - 2 potions of might
 g - a potion of mutation
 j - a potion of lignification
 l - 2 potions of resistance {unknown}
 p - a potion of invisibility
 u - a potion of attraction
 A - a potion of curing
 G - a potion of enlightenment {unknown}


   Skills:
 + Level 3.3 Fighting
 + Level 2.3 Maces & Flails
 + Level 4.7 Throwing
 + Level 5.3 Armour
 + Level 9.0 Dodging
 + Level 5.4 Stealth
 + Level 11.8 Spellcasting
 + Level 11.8 Conjurations
 + Level 11.8 Hexes
 + Level 11.8 Summonings
 + Level 11.8 Necromancy
 + Level 11.8 Translocations
 + Level 11.8 Fire Magic
 + Level 11.8 Ice Magic
 + Level 11.8 Air Magic
 + Level 11.8 Earth Magic
 + Level 11.8 Alchemy
 + Level 1.5 Evocations


You knew the following spells:

 Your Spells              Type           Power      Damage    Failure   Level
a - Foxfire               Conj/Fire      100%       2x1d9     1%          1
b - Scorch                Fire           100%       2d9       1%          2
c - Volatile Blastmotes   Fire/Tloc      100%       2d18      1%          3
d - Inner Flame           Hex/Fire       73%        N/A       1%          3
e - Flame Wave            Conj/Fire      73%        2d16      1%          4
f - Apportation           Tloc           100%       N/A       1%          1
g - Mercury Vapours       Alch/Air       100%       N/A       1%          2
h - Tukima's Dance        Hex            73%        N/A       1%          3
i - Confusing Touch       Hex            73%        N/A       1%          3
j - Summon Blazeheart Go  Fire/Summ      73%        N/A       1%          4
Your spell library was empty.

Dungeon Overview and Level Annotations

Branches:
Dungeon (10/15)            Temple (0/1) D:4            Lair (0/5) D:8
    Orc (2/2) D:10
    Elf: Orc:2

Altars:
Ashenzari
Dithmenos
Fedhas
Gozag
Hepliaklqana
Makhleb
Ru
Trog
Wu Jian
Xom
Yredelemnul
Zin
The Shining One

Shops:
D:2 (   D:3 (

Annotations:
Orc:2 Nessos


Innate Abilities, Weirdness & Mutations

You are immune to sickness and miasma.
You are immune to poison.
Your flesh is very heat resistant. (rF++)
You are vulnerable to cold. (rC-)
You float through the air rather than walking.
You learn spells naturally, not from books.
Your magical power is your life essence.
You have superior vitality. (+4 MHP)


Message History

The orc knight is engulfed in blazing flames.
Flame seeps out of the orc knight.
A warg comes into view.
Nessos the Markscentaur comes into view.
The orc knight is engulfed in blazing flames.
Flame seeps out of the orc knight.
The orc sorcerer casts a spell.
Casting: Inner Flame (safe; 1% risk of failure)
Confirm with . or Enter, or press ? or * to list all spells.
Flames lash the orc knight.
Flame seeps out of the orc knight.
The orc knight is heavily wounded.
The orc knight's fire resistance burns away.
The orc knight is engulfed in blazing flames.
Flame seeps out of the orc knight.
Nessos mumbles some strange words.
Nessos blinks!
Casting: Scorch (safe; 1% risk of failure)
Confirm with . or Enter, or press ? or * to list all spells.
Flames lash the orc knight.
The orc knight is burned terribly!
Flame seeps out of the orc knight.
The orc knight is almost dead.
The orc no longer looks unusually strong.
The orc knight is engulfed in blazing flames.
Makhleb accepts your kill.
You feel better.
The orc knight explodes!
The fiery explosion engulfs you! You resist.
Nessos wields a +1 longbow of flaming.
It bursts into flame!
Nessos shoots an arrow.
The arrow hits you!! The arrow burns you.
Your Dodging skill increases to level 9!
Casting: Scorch (safe; 1% risk of failure)
Confirm with . or Enter, or press ? or * to list all spells.
A fiery spirit appears, bound in slag iron.
You are engulfed in blazing flames.
You resist.
* * * LOW HITPOINT WARNING * * *
Nessos shoots an arrow.
The arrow closely misses you. The orc sorcerer casts a spell at you.
The bolt of negative energy misses you.
Nessos shoots an arrow.
The arrow hits you!!
You die...

...... ..# ...#.# ......#
### ......##....... #.#
....#........# .###
...........# ...# ####
#.........##
[.######..####.9.......##
[.##)..#.#..8#.....#....#
#[###.#.....##c§@##....#
[)##........##.○)#...##
...)[[[.....8#.°4§....# ##
...[[....)...'.#)§T...##.##
...)[.).....8###§oo#......#
..###......#.# #h........##
#.##.#########.##o.......#
##### .......$$..##
#.##.....###


You could see Nessos (ally target), a rust devil (summoned), a troll, a warg, an
orc sorcerer (inner flame, strong), 2 orcs and a friendly blazeheart golem
(summoned).

Vanquished Creatures
  An orc warlord (Orc:2)
  Erica (D:8)
  2 two-headed ogres
  An orc high priest (Orc:2)
  A deep elf archer (Orc:2)
  2 orc knights
  2 deep elf pyromancers (Orc:2)
  An orc sorcerer (Orc:2)
  Maurice (Orc:1)
  Joseph (D:8)
  3 trolls
  A hornet (D:8)
  A wyvern (D:10)
  10 yaks
  A steam dragon (D:10)
  Edmund (D:4)
  A warg (D:8)
  2 vampire mosquitoes (D:9)
  2 water moccasins (D:6)
  Duvessa (D:6)
  13 orc warriors
  A sky beast (D:8)
  3 ice beasts
  3 black bears
  2 ogres
  A phantom (D:4)
  2 wolves (D:8)
  3 centaurs
  2 kobold brigands
  3 bullfrogs
  5 scorpions
  5 wights
  7 killer bees (D:9)
  Dowan (D:6)
  4 howler monkeys
  An electric eel (D:10)
  4 hounds
  7 orc priests
  4 iguanas
  2 sleepcaps
  10 orc wizards
  A statue (D:8)
  A gnoll (D:1)
  6 adders
  A shadow imp (D:7)
  2 white imps
  2 dart slugs (D:3)
  3 ribbon worms
  27 orcs
  7 endoplasms
  6 giant cockroaches
  4 goblins
  4 hobgoblins
  4 jackals
  16 kobolds
  5 quokkas
  5 ball pythons
  8 bats
  6 frilled lizards
  4 rats
231 creatures vanquished.

Vanquished Creatures (collateral kills)
  A two-headed ogre (Orc:2)
  A deep elf pyromancer (Orc:2)
  An orc sorcerer (Orc:2)
  Jeremiah (D:8)
  A yak (D:9)
  An orc warrior (Orc:2)
  2 ogres
  2 wights (D:9)
  2 orc priests (Orc:1)
  2 orc wizards
  4 orcs
18 creatures vanquished.

Vanquished Creatures (others)
  3 dancing weapons
  An ogre (Orc:2)
  A killer bee (D:9)
  An orc priest (Orc:1)
  2 orcs
  5 blazeheart cores
  635 foxfires
648 creatures vanquished.

Grand Total: 897 creatures vanquished

Notes
Turn   | Place    | Note
-------+----------+-------------------------------------------
     0 | D:1      | unlimited1921 the Djinni Fire Elementalist began the quest
                  | for the Orb.
     0 | D:1      | unlimited1921 set off with the following spells memorised:
                  | Foxfire, Scorch, Volatile Blastmotes, Inner Flame, Flame
                  | Wave.
     0 | D:1      | Reached XP level 1. HP: 15/15 MP: 0/0
   705 | D:1      | Reached XP level 2. HP: 18/21 MP: 0/0
  2257 | D:1      | Reached XP level 3. HP: 20/25 MP: 0/0
  2257 | D:1      | Learned a level 1 spell: Apportation
  4110 | D:2      | Reached XP level 4. HP: 27/31 MP: 0/0
  4820 | D:2      | Found Vyuley's Antique Weapon Boutique.
  6212 | D:3      | Noticed a scorpion
  6219 | D:3      | Killed a scorpion
  6220 | D:3      | Reached skill level 1 in Armour
  6220 | D:3      | Reached XP level 5. HP: 29/35 MP: 0/0
  6220 | D:3      | Learned a level 2 spell: Mercury Vapours
  6917 | D:3      | Found a basalt altar of Yredelemnul.
  6922 | D:3      | Found a shimmering altar of Xom.
  7003 | D:3      | Found a burning altar of Makhleb.
  7336 | D:3      | Became a worshipper of Makhleb the Destroyer
  7382 | D:3      | Found a glowing silver altar of Zin.
  7382 | D:3      | Noticed an angel
  7776 | D:3      | Found Ebyoklep's Antique Weapon Boutique.
  7778 | D:3      | Found a hazy altar of Hepliaklqana.
  7780 | D:3      | Found a shadowy altar of Dithmenos.
  7782 | D:3      | Noticed a shadow
  7913 | D:3      | Found an ornate altar of the Wu Jian Council.
  8026 | D:4      | Reached skill level 1 in Maces & Flails
  8026 | D:4      | Reached XP level 6. HP: 35/40 MP: 0/0
  8153 | D:4      | Found a staircase to the Ecumenical Temple.
  8616 | D:4      | Reached skill level 1 in Throwing
  8977 | D:4      | Found a broken altar of Ashenzari.
  9042 | D:4      | Reached XP level 7. HP: 41/45 MP: 0/0
  9042 | D:4      | Learned a level 3 spell: Tukima's Dance
  9460 | D:4      | Noticed Edmund
  9472 | D:4      | Killed Edmund
 10134 | D:4      | Found a sacrificial altar of Ru.
 10332 | D:4      | You are sucked into a shaft and drop 3 floors!
 10349 | D:7      | Identified the +3 dagger of Debt {flame, rPois Int+8}
 10449 | D:7      | Reached XP level 8. HP: 39/50 MP: 0/0
 10541 | D:7      | Found a blossoming altar of Fedhas.
 11858 | D:6      | Reached skill level 5 in Spellcasting
 11858 | D:6      | Reached skill level 5 in Conjurations
 11858 | D:6      | Reached skill level 5 in Hexes
 11858 | D:6      | Reached skill level 5 in Summonings
 11858 | D:6      | Reached skill level 5 in Necromancy
 11858 | D:6      | Reached skill level 5 in Translocations
 11858 | D:6      | Reached skill level 5 in Fire Magic
 11858 | D:6      | Reached skill level 5 in Ice Magic
 11858 | D:6      | Reached skill level 5 in Air Magic
 11858 | D:6      | Reached skill level 5 in Earth Magic
 11858 | D:6      | Reached skill level 5 in Alchemy
 12076 | D:6      | Reached XP level 9. HP: 49/56 MP: 0/0
 12076 | D:6      | Learned a level 3 spell: Confusing Touch
 12192 | D:6      | Noticed Duvessa
 12194 | D:6      | Noticed Dowan
 12198 | D:6      | Killed Duvessa
 12258 | D:6      | Killed Dowan
 12549 | D:6      | Reached * piety under Makhleb
 12683 | D:6      | Reached skill level 5 in Armour
 13863 | D:5      | Entered Level 5 of the Dungeon
 14642 | D:5      | Reached skill level 5 in Dodging
 15060 | D:4      | Found a bloodstained altar of Trog.
 15282 | D:8      | Noticed Erica
 15288 | D:8      | Reached skill level 1 in Fighting
 15290 | D:8      | Killed Erica
 15291 | D:8      | Reached skill level 5 in Stealth
 15291 | D:8      | Reached XP level 10. HP: 13/64 MP: 0/0
 15498 | D:8      | Noticed a two-headed ogre
 15510 | D:8      | Killed a two-headed ogre
 15762 | D:8      | Noticed Joseph
 15913 | D:8      | Killed Joseph
 16073 | D:8      | Found a staircase to the Lair.
 16955 | D:8      | Noticed Jeremiah
 16961 | D:8      | Killed Jeremiah
 17351 | D:9      | Reached XP level 11. HP: 62/71 MP: 0/0
 17351 | D:9      | Learned a level 4 spell: Summon Blazeheart Golem
 17737 | D:9      | Reached ** piety under Makhleb
 18024 | D:10     | Entered Level 10 of the Dungeon
 18024 | D:10     | Noticed a two-headed ogre
 18225 | D:10     | Found a glowing golden altar of the Shining One.
 18464 | D:10     | Killed a two-headed ogre
 18515 | D:10     | Found an opulent altar of Gozag.
 18772 | D:10     | Found a staircase to the Orcish Mines.
 19138 | Orc:1    | Entered Level 1 of the Orcish Mines
 19138 | Orc:1    | Noticed an orc knight
 19157 | D:10     | Killed an orc knight
 19158 | D:10     | Reached skill level 10 in Spellcasting
 19158 | D:10     | Reached skill level 10 in Conjurations
 19158 | D:10     | Reached skill level 10 in Hexes
 19158 | D:10     | Reached skill level 10 in Summonings
 19158 | D:10     | Reached skill level 10 in Necromancy
 19158 | D:10     | Reached skill level 10 in Translocations
 19158 | D:10     | Reached skill level 10 in Fire Magic
 19158 | D:10     | Reached skill level 10 in Ice Magic
 19158 | D:10     | Reached skill level 10 in Air Magic
 19158 | D:10     | Reached skill level 10 in Earth Magic
 19158 | D:10     | Reached skill level 10 in Alchemy
 19782 | Orc:1    | Noticed Maurice
 19866 | Orc:1    | Killed Maurice
 19874 | Orc:1    | Reached *** piety under Makhleb
 20298 | Orc:2    | Entered Level 2 of the Orcish Mines
 20331 | Orc:2    | Reached XP level 12. HP: 76/76 MP: 0/0
 20641 | Orc:2    | Noticed an orc high priest
 20647 | Orc:2    | Killed an orc high priest
 20651 | Orc:2    | Noticed an orc warlord
 20663 | Orc:2    | Killed an orc warlord
 20665 | Orc:2    | Killed a two-headed ogre
 20699 | Orc:2    | Noticed a sun demon
 20993 | Orc:2    | Reached skill level 1 in Evocations
 20994 | Orc:2    | Noticed Nessos
 20997 | Orc:2    | Shot with an arrow by Nessos

Illustrated notes

Levels and vault maps discovered:
D:1:      dpeg_arrival_stonehenge_12_columns, layout_loops_corners,
          chequers_jeans, st_stairs_8
D:2:      layout_basic, serial_shops, shop, kennysheep_generic_room_2
D:3:      layout_rooms, riverfiend_overflow_shadow_ancestor, zin_angel,
          mainiacjoe_overflow_swirl, mainiacjoe_overflow_big_doors,
          serial_shops, shop
D:4:      minmay_recursive_quarters, layout_basic,
          nicolae_overflow_crystal_walls, trog_book,
          nicolae_ru_sacrificial_ziggurat, minmay_temple_entry_tees,
          grunt_ministairs_3, chequers_avenue, uniq_edmund
D:5:      layout_basic, serial_glass, glass_columns_c, glass_columns_a
D:6:      layout_layer_cave, st_stairs_4, kennysheep_nondescript,
          kennysheep_doodads, uniq_duvessa
D:7:      layout_basic, grunt_temple_overflow_growth_and_decay
D:8:      layout_basic, vehumet_statue, nicolae_sif_muna_little_library,
          erik_lair_orcish_takeover, small_statue_alley_b, uniq_joseph,
          uniq_jeremiah, uniq_erica
D:9:      layout_rooms
D:10:     layout_big_octagon, mainiacjoe_overflow_paths,
          mainiacjoe_overflow_24_doors
Orc:1:    layout_caves, uniq_maurice
Orc:2:    st_orc_pillars, layout_diamond_mine, elf_legates, uniq_nessos

Skill      XL: |  1  2  3  4  5  6  7  8  9 10 11 12 |
---------------+-------------------------------------+-----
Stealth        | 2 3 5 |  5.4
Armour         | 1 2 3 4 5 |  5.3
Dodging        | 3 4 5 7 8 9 |  9.0
Maces & Flails | 1 2 |  2.3
Throwing       | 1 3 4 |  4.7
Spellcasting   | 4 5 7 8 10 11 | 11.8
Conjurations   | 4 5 7 8 10 11 | 11.8
Hexes          | 4 5 7 8 10 11 | 11.8
Summonings     | 4 5 7 8 10 11 | 11.8
Necromancy     | 4 5 7 8 10 11 | 11.8
Translocations | 4 5 7 8 10 11 | 11.8
Fire Magic     | 4 5 7 8 10 11 | 11.8
Ice Magic      | 4 5 7 8 10 11 | 11.8
Air Magic      | 4 5 7 8 10 11 | 11.8
Earth Magic    | 4 5 7 8 10 11 | 11.8
Alchemy        | 4 5 7 8 10 11 | 11.8
Fighting       | 1 3 |  3.3
Evocations     | 1 |  1.5

Action                     |  1- 3 |  4- 6 |  7- 9 | 10-12 || total
---------------------------+-------+-------+-------+-------++-------
  Melee: Mace              |     2 |       |       |       ||     2
         Whip              |    10 |    14 |     1 |       ||    25
         Flail             |       |       |     4 |       ||     4
         Dagger            |       |       |     6 |    20 ||    26
  Throw: Boomerang         |       |    18 |    13 |    11 ||    42
         Dart              |       |       |     3 |       ||     3
   Cast: Foxfire           |    56 |    82 |    73 |   166 ||   377
         Scorch            |    14 |    19 |    58 |    72 ||   163
         Mercury Vapours   |       |     3 |     7 |     7 ||    17
         Inner Flame       |       |     1 |    13 |    50 ||    64
         Tukima's Dance    |       |       |    12 |    12 ||    24
         Summon Blazeheart |       |       |       |    18 ||    18
  Evoke: Wand              |       |       |       |     7 ||     7
    Use: Scroll            |       |       |     8 |     3 ||    11
         Potion            |       |       |       |     1 ||     1
   Stab: Sleeping          |     3 |       |       |       ||     3
 Armour: Robe              |    11 |       |     8 |    40 ||    59
         Leather armour    |     2 |    16 |    33 |       ||    51
         Troll leather arm |       |       |       |    10 ||    10
  Dodge: Dodged            |     7 |    18 |    52 |   108 ||   185
